Map: Ley Lines

Players

wootwoot - Winner!

  • Race: Zerg Zerg
  • League: Platinum
  • Spawn Location: 1:00

licknpsyjuic

  • Race: Protoss Protoss
  • League: Platinum
  • Spawn Location: 7:00

VOD

Have the link to the VOD?

Description

Time

  • Played on: April 1, 2025, 7:41 p.m.
  • Length: 2:50
Show
View Real Time Build Order
Export as new Build Order

wootwoot Zerg - Winner!

Build Orders: Pool Only 

Get SALT Encoding   

  12  0:18  Spawning Pool  
  11  0:21  Drone  
  11  0:26  Drone  
  13  0:30  Drone  
  14  0:41  Overlord  
  14  1:04  Zergling x4  
  14  1:05  Zergling x2  
  17  1:15  Zergling x2  
  18  1:27  Zergling x2  
  19  1:37  Zergling x2  
  20  1:48  Zergling x2  
  19  2:13  Zergling x4  
  20  2:25  Zergling x2  
Show
View Real Time Build Order
Export as new Build Order

licknpsyjuic Protoss 

Build Orders:  

Get SALT Encoding   

  12  0:00  Probe  
  13  0:12  Probe  
  14  0:19  Pylon  
  14  0:25  Probe  
  15  0:37  Probe  
  15  0:40  Gateway  
  16  0:47  Assimilator  
  16  0:52  Probe  
  17  1:07  Forge  
  17  1:16  Probe  
  18  1:20  Zealot  
  18  1:30  Cybernetics Core  
  20  1:35  Pylon  
  20  1:38  Probe  
  21  1:50  Zealot  
  21  1:56  Photon Cannon  
  21  2:14  Adept  
Tags
 
Matchup
PvZ
Opening
Pool Only
Replay Pack
B2M-Replays
Spawn Locations
Cross Positions
Add a new tag
Caveats
  • Supply blocks, unpowered buildings, or Contaminate may cause inaccurate times.
  • Supply counts are checked every 10 seconds.